 Dungeon Crawl Stone Soup version 0.20.0-8-g6b59dc7 (webtiles) character file.

600 cereshysteria the Poker (level 7, -5/57 HPs)
             Began as a Hill Orc Monk on June 1, 2017.
             Slain by an ogre
             ... wielding a cursed +0 giant club
              (21 damage)
             ... on level 5 of the Dungeon.
             The game lasted 00:07:52 (4667 turns).

cereshysteria the Poker (Hill Orc Monk)             Turns: 4667, Time: 00:07:53

Health: -5/57      AC:  4    Str: 14    XL:     7   Next: 41%
Magic:  7/7        EV: 14    Int: 10    God:
Gold:   222        SH:  0    Dex: 15    Spells: 6/6 levels left

rFire    . . .     SeeInvis .   a - +0 spear
rCold    . . .     Gourm    .   (no shield)
rNeg     . . .     Faith    .   i - +1 leather armour
rPois    .         Spirit   .   (helmet restricted)
rElec    .         Reflect  .   (no cloak)
rCorr    .         Harm     .   (no gloves)
MR       +....                  (no boots)
Stlth    ++........             g - amulet of rage
Regen    0.2/turn               (no ring)
MPRegen  0.1/turn               (no ring)

@: no status effects
A: antennae 1, magic resistance 1
a: Evoke Berserk Rage


You were on level 5 of the Dungeon.
You were not hungry.

You visited 1 branch of the dungeon, and saw 5 of its levels.

You collected 222 gold pieces.

Inventory:

Hand Weapons
 a - a +0 spear (weapon)
Armour
 b - a +0 robe
 i - a +1 leather armour (worn)
Jewellery
 g - an amulet of rage (around neck)
 u - a cursed amulet of inaccuracy {unknown}
Wands
 l - a wand of iceblast (8/15)
Scrolls
 d - 6 scrolls of identify
 h - 4 scrolls of teleportation
 j - a scroll of enchant armour
 m - 3 scrolls of remove curse
 s - a scroll of magic mapping
 t - a scroll of immolation {unknown}
Potions
 e - a potion of mutation
 f - a potion of magic {unknown}
 n - a potion of might
 o - 4 potions of brilliance
 q - a potion of agility
Comestibles
 k - 2 meat rations
 p - a fruit
 r - 2 royal jellies


   Skills:
 - Level 3.6 Fighting
 * Level 7.5 Polearms
 + Level 4.6 Dodging
 - Level 1.5 Stealth


You had 6 spell levels left.
You didn't know any spells.

Dungeon Overview and Level Annotations

Branches:
Dungeon (4/15)
 Temple: D:4-7

Altars:
Ashenzari
Trog
The Shining One


Innate Abilities, Weirdness & Mutations

You have a pair of small antennae on your head.
You are resistant to hostile enchantments. (MR+)


Message History

The ogre barely misses you.
You hit the orc but do no damage.
The orc is severely wounded.
The orc hits you with a club.
Okay, then.
You feel extremely strange.
You feel resistant to hostile enchantments.
A pair of antennae grows on your head! The ogre hits you with a giant club!!
The orc barely misses you.
You hear a shout!
You barely miss the ogre.
You hear a shout!
You hear an angry hiss.
The ogre barely misses you. The orc hits you with a club.
* * * LOW HITPOINT WARNING * * *
You puncture the ogre!
The ogre is moderately wounded.
You hit the ogre.
The ogre is moderately wounded.
The ogre hits you with a giant club!!
You die...

#.......#..
###..........
..#..<.......
..........#..
#.#........#
#......## ##.)##..#
#### #...###.#
##..#######..##
#.#.#
#.###.o..o@Oo......
....#
#..##.#######......
..### ##....# ...##
#.# #..o##### #.#
#..# #.#.....# ..
##... ...#####...#
# .###.....) ..o..
.# ..##### ..oo .#
. # ...


You could see an ogre, an orc wizard and 2 orcs.

Vanquished Creatures
  The ghost of George the Slasher, an amateur DsFi (D:4)
  A sky beast (D:3)
  2 scorpions (D:4)
  A hound (D:4)
  Jessica (D:2)
  2 worker ants (D:4)
  A hound skeleton (D:4)
  7 adders
  5 worms
  2 dart slugs
  3 leopard geckos
  2 orcs (D:4)
  6 bats
  3 giant cockroaches (D:1)
  9 goblins
  10 hobgoblins
  5 jackals
  9 kobolds
  2 quokkas
  A ball python (D:3)
  4 frilled lizards
  11 rats
88 creatures vanquished.

Notes
Turn   | Place    | Note
-------+----------+-------------------------------------------
     0 | D:1      | cereshysteria the Hill Orc Monk began the quest for the Orb.
     0 | D:1      | Reached XP level 1. HP: 19/19 MP: 1/1
   156 | D:1      | Reached XP level 2. HP: 18/26 MP: 2/2
   541 | D:1      | Found a glowing golden altar of the Shining One.
   561 | D:1      | Reached XP level 3. HP: 25/31 MP: 3/3
   579 | D:1      | Reached skill level 4 in Polearms
   800 | D:2      | Noticed Jessica
   819 | D:2      | Killed Jessica
   819 | D:2      | Reached XP level 4. HP: 27/39 MP: 4/4
  1527 | D:2      | Reached skill level 5 in Polearms
  1921 | D:3      | Found a shattered altar of Ashenzari.
  1986 | D:3      | Reached XP level 5. HP: 34/45 MP: 5/5
  2125 | D:3      | Noticed a sky beast
  2148 | D:3      | Killed a sky beast
  2667 | D:3      | Noticed a moth of wrath
  2670 | D:3      | Found a bloodstained altar of Trog.
  2698 | D:3      | Reached XP level 6. HP: 28/51 MP: 6/6
  3184 | D:4      | Reached skill level 6 in Polearms
  3266 | D:4      | Noticed George's ghost (amateur DsFi)
  3732 | D:4      | Killed George's ghost
  3732 | D:4      | Reached XP level 7. HP: 25/57 MP: 7/7
  3762 | D:4      | Reached skill level 7 in Polearms
  4488 | D:4      | You fall through a shaft!
  4488 | D:5      | Entered Level 5 of the Dungeon
  4664 | D:5      | Gained mutation: You are resistant to hostile enchantments. (MR+) [potion of mutation]
  4664 | D:5      | Gained mutation: You have a pair of small antennae on your head. [potion of mutation]
  4667 | D:5      | Slain by an ogre

Skill      XL: |  1  2  3  4  5  6  7 |
---------------+----------------------+-----
Polearms       | 4 5 6 7 |  7.5
Dodging        | 3 4 |  4.6
Fighting       | |  3.6
Stealth        | |  1.5

Action                   |  1- 3 |  4- 6 |  7- 9 || total
-------------------------+-------+-------+-------++-------
Melee: Spear             |   110 |   284 |    68 ||   462
  Use: Scroll            |       |     5 |       ||     5
       Potion            |       |     7 |     2 ||     9
 Stab: Sleeping          |     1 |     3 |     2 ||     6
  Eat: Bread ration      |       |     2 |     1 ||     3
       Fruit             |       |       |     2 ||     2
       Chunk             |       |       |     1 ||     1
Armor: Robe              |     4 |       |       ||     4
       Leather armour    |    17 |    46 |     2 ||    65
       Skin              |       |    15 |     1 ||    16
Dodge: Dodged            |    73 |   131 |    27 ||   231
